 Dungeon Crawl Stone Soup version 0.31.0-11-ge490571c62 (webtiles) character file.

Game seed: 5087892481948047896

91 Silvore the Trooper (level 4, -2/37 HPs)
             Began as a Demonspawn Fighter on Feb 7, 2024.
             Slain by Natasha (7 damage)
             ... on level 2 of the Dungeon.
             The game lasted 00:01:27 (1245 turns).

Silvore the Trooper (Demonspawn Fighter)            Turns: 1245, Time: 00:01:28

Health: -2/37      AC: 12    Str: 19    XL:     4   Next: 34%
Magic:  4/4        EV:  9    Int:  8    God:
Gold:   110        SH:  4    Dex: 12    Spells: 3/3 levels left

rFire   . . .        a - +0 long sword
rCold   . . .        c - +0 buckler
rNeg    . . .        b - +0 scale mail
rPois   .            (no helmet)
rElec   .            (no cloak)
rCorr   .            (no gloves)
SInv    .            (no boots)
Will    .....        (no amulet) Stlth
                     (no ring)
HPRegen 0.26/turn    (no ring)
MPRegen 0.09/turn

%: no passive effects
@: sanguine armoured
A: foul stench 1, sanguine armour 1
a: no special abilities


You were on level 2 of the Dungeon.
You visited 1 branch of the dungeon, and saw 2 of its levels.

You collected 110 gold pieces.

Inventory:

Hand Weapons
 a - a +0 long sword (weapon)
Armour
 b - a +0 scale mail (worn)
 c - a +0 buckler (worn)
Scrolls
 e - a scroll of vulnerability
 f - a scroll of identify
 k - 2 scrolls of teleportation {unknown}
Potions
 d - a potion of might
 g - a potion of curing
 h - a potion of haste {unknown}
 i - a potion of mutation {unknown}
 j - a potion of enlightenment {unknown}
 l - 2 potions of heal wounds {unknown}


   Skills:
 + Level 3.6 Fighting
 + Level 2.3 Long Blades
 + Level 3.3 Armour
 + Level 0.6 Dodging
 + Level 3.2 Shields


You had 3 spell levels left.
You didn't know any spells.
Your spell library was empty.

Dungeon Overview and Level Annotations

Branches:
Dungeon (2/15)

Altars:

Annotations:
D:2 Natasha


Innate Abilities, Weirdness & Mutations

You may rarely emit foul miasma when damaged in melee.
When seriously injured, your blood forms armour. (AC +6)


Message History

You miss Natasha.
Natasha is heavily wounded.
You block the cerulean imp's attack.
Natasha mumbles some strange words.
The cerulean imp hits you from afar with a +2 spear.
Natasha closely misses you.
The cerulean imp hits you but does no damage.
You barely miss Natasha.
Natasha is heavily wounded.
The cerulean imp hits you from afar with a +2 spear.
The cerulean imp hits you but does no damage.
Natasha claws you but does no damage.
The cerulean imp hits you but does no damage.
The cerulean imp closely misses you.
You barely miss Natasha.
Natasha is heavily wounded.
The cerulean imp closely misses you.
The cerulean imp hits you but does no damage.
Natasha claws you but does no damage.
The cerulean imp hits you from afar with a +2 spear.
You barely miss Natasha.
Natasha is heavily wounded.
The cerulean imp barely misses you.
The cerulean imp hits you but does no damage.
Natasha casts a spell at you. The magic dart hits you.
* * * LOW HITPOINT WARNING * * *
The cerulean imp hits you but does no damage.
The cerulean imp hits you from afar with a +2 spear.
* * * LOW HITPOINT WARNING * * *
The cerulean imp hits you but does no damage.
Natasha claws you but does no damage.
You closely miss Natasha.
Natasha is heavily wounded.
You block the cerulean imp's attack.
The cerulean imp hits you from afar with a +2 spear.
* * * LOW HITPOINT WARNING * * *
Natasha claws you!
You die...
Natasha curls up and begins to purr.

#.# #.# #######.#
#.# #.......# #.#
.##########.#######
#.. ........†...#
#.# ........#####
#.#
#####.....#####!.
#..##.5......
#.##@h##.....
/..#..5:# .##.
#......5..#
#..#..![....
....##$..$#..# ##
##..##..# ..## ...
... ..


You could see Natasha and 3 cerulean imps.

Vanquished Creatures
  Natasha (twice) (D:2)
  2 adders (D:2)
  A dart slug (D:1)
  3 endoplasms
  A giant cockroach (D:2)
  2 goblins (D:1)
  2 ball pythons (D:2)
  A bat (D:1)
  3 frilled lizards
  3 kobolds (D:1)
  8 rats
28 creatures vanquished.

Notes
Turn   | Place    | Note
-------+----------+-------------------------------------------
     0 | D:1      | Silvore the Demonspawn Fighter began the quest for the Orb.
     0 | D:1      | Reached XP level 1. HP: 18/18 MP: 1/1
   254 | D:1      | Found a faded altar of an unknown god.
   462 | D:1      | Gained mutation: When seriously injured, your blood forms
                  | armour. (AC +6) [demonic ancestry]
   462 | D:1      | Reached XP level 2. HP: 18/24 MP: 2/2
   771 | D:2      | Noticed Natasha
   775 | D:2      | Killed Natasha
   776 | D:2      | Gained mutation: You may rarely emit foul miasma when
                  | damaged in melee. [demonic ancestry]
   776 | D:2      | Reached XP level 3. HP: 25/29 MP: 3/3
   788 | D:2      | Noticed Natasha
   810 | D:2      | Killed Natasha
   926 | D:2      | Reached XP level 4. HP: 26/36 MP: 4/4
  1227 | D:2      | Noticed Natasha
  1245 | D:2      | Slain by Natasha

Illustrated notes

Levels and vault maps discovered:
D:1:      giann_forest_graveyard, layout_loops_ring,
          hellmonk_ecumenical_altar_lost_god, chequers_mini_garden
D:2:      layout_loops_ring, minmay_pentomino_w4, uniq_natasha,
          uniq_crazy_yiuf_cottage

Skill      XL: |  1  2 |
---------------+-------+-----
Shields        | 3 |  3.2
Long Blades    | 2 |  2.3
Armour         | 3 |  3.3
Fighting       | |  3.6
Dodging        | |  0.6

Action                     |  1- 3 |  4- 6 || total
---------------------------+-------+-------++-------
  Melee: Long sword        |    61 |    49 ||   110
    Use: Scroll            |     2 |       ||     2
 Armour: Scale mail        |    50 |    44 ||    94
  Dodge: Dodged            |    24 |    28 ||    52
  Block: Buckler           |    12 |    10 ||    22
